 Dungeon Crawl Stone Soup version 0.22-a0-351-g29664b4 (webtiles) character file.

425 George the Ducker (level 6, -3/49 HPs)
             Began as a Demonspawn Gladiator on Apr 12, 2018.
             Was an Initiate of Makhleb.
             Slain by an ogre
             ... wielding a +0 giant club
              (7 damage)
             ... on level 4 of the Dungeon.
             The game lasted 00:05:36 (2893 turns).

George the Ducker (Demonspawn Gladiator)            Turns: 2893, Time: 00:05:36

Health: -3/49      AC: 14    Str: 16    XL:     6   Next: 64%
Magic:  6/6        EV:  8    Int: 10    God:    Makhleb [......]
Gold:   119        SH:  0    Dex: 14    Spells: 5/5 levels left

rFire    + . .     SeeInvis .   g - +0 spear (venom)
rCold    + . .     Gourm    .   (no shield)
rNeg     . . .     Faith    .   c - +0 chain mail
rPois    +         Spirit   .   k - +0 helmet (curse)
rElec    +         Reflect  .   (no cloak)
rCorr    +         Harm     .   (no gloves)
MR       .....                  s - +0 pair of boots
Stlth    ..........             (no amulet)
HPRegen  0.16/turn              (no ring)
MPRegen  0.10/turn              (no ring)

@: lethally poisoned (-3 -> -5), resistant
A: thin metallic scales 2
a: Renounce Religion


You were on level 4 of the Dungeon.
You worshipped Makhleb.
Makhleb was noncommittal.
You were not hungry.

You visited 1 branch of the dungeon, and saw 4 of its levels.

You collected 119 gold pieces.

Inventory:

Hand Weapons
 a - a +0 long sword
 g - a +0 spear of venom (weapon)
Missiles
 d - 3 throwing nets (quivered)
Armour
 c - a +0 chain mail (worn)
 j - a +0 ring mail
 k - a cursed +0 helmet (worn)
 s - a +0 pair of boots (worn)
Wands
 w - a wand of random effects (38)
 x - a wand of acid (8)
Scrolls
 b - a scroll of enchant armour {unknown}
 h - 2 scrolls of blinking {unknown}
 i - 7 scrolls of remove curse {unknown}
 n - 2 scrolls of magic mapping {unknown}
 q - a scroll of amnesia {unknown}
 r - 4 scrolls of identify {unknown}
 v - a scroll of enchant weapon {unknown}
 y - a scroll of teleportation {unknown}
Potions
 l - a potion of flight {unknown}
 m - a potion of mutation {unknown}
 o - a potion of lignification {unknown}
 p - a potion of curing {unknown}
 t - a potion of degeneration {unknown}
 u - a potion of ambrosia {unknown}
 z - a potion of cancellation {unknown}
 A - a potion of berserk rage {unknown}
Comestibles
 f - 6 rations


   Skills:
 + Level 4.3 Fighting
 - Level 2.6 Long Blades
 - Level 1.7 Throwing
 + Level 3.3 Armour
 + Level 4.4 Dodging
 + Level 1.0 Invocations


You had 5 spell levels left.
You didn't know any spells.

Dungeon Overview and Level Annotations

Branches:
Dungeon (4/15)
 Temple: D:4-7

Altars:
Ashenzari
Makhleb
Vehumet

Annotations:
D:4 Ijyb


Innate Abilities, Weirdness & Mutations

You are mostly covered in thin metallic scales. (AC +3)


Message History

Your Invocations skill increases to level 1!
Ijyb hits you but does no damage. The ogre barely misses you.
You feel sick.
You feel sick.
Ijyb zaps a wand.
You suddenly lose the ability to move!
It is a wand of paralysis (4).
The ogre hits you with a giant club! Ijyb hits you but does no damage.
The ogre hits you with a giant club! Ijyb hits you.
The ogre hits you with a giant club.
You feel sick. Ijyb hits you but does no damage.
The ogre hits you with a giant club!
* * * LOW HITPOINT WARNING * * *
Ijyb barely misses you.
Ijyb zaps a wand.
You resist with some effort. The ogre hits you with a giant club.
* * * LOW HITPOINT WARNING * * *
You can move again.
It was a potion of resistance.
You feel protected. Ijyb hits you but does no damage.
The ogre hits you with a giant club!
You die...

######...............#
#....≈≈.........#
#....≈≈....############
#.....................#
....≈....≈....†........#
........................#
........................#
.#..#.......>......#
........@..........#
.......gO).........#
..................#
./...........######
......$......#
.............#
.......†.....#
.............#
.............#


You could see an ogre and Ijyb.

Vanquished Creatures
  A hound (D:3)
  An orc wizard (D:3)
  Natasha (thrice) (D:2)
  2 worker ants (D:4)
  8 adders
  7 oozes (D:1)
  6 worms
  4 dart slugs
  4 leopard geckos
  6 orcs (D:3)
  8 bats
  12 giant cockroaches
  11 goblins
  6 hobgoblins
  8 jackals
  12 kobolds
  A ball python (D:3)
  9 frilled lizards
  9 rats
118 creatures vanquished.

Notes
Turn   | Place    | Note
-------+----------+-------------------------------------------
     0 | D:1      | George the Demonspawn Gladiator began the quest for the Orb.
     0 | D:1      | Reached XP level 1. HP: 16/16 MP: 1/1
     1 | D:1      | Found a runed door.
   162 | D:1      | Gained mutation: You are partially covered in thin metallic scales. (AC +2) [demonic ancestry]
   162 | D:1      | Reached XP level 2. HP: 18/22 MP: 2/2
   187 | D:1      | Reached skill level 1 in Armour
   376 | D:1      | Reached XP level 3. HP: 28/28 MP: 3/3
   675 | D:1      | Gained mutation: You are mostly covered in thin metallic scales. (AC +3) [demonic ancestry]
   675 | D:1      | Reached XP level 4. HP: 18/35 MP: 4/4
  1690 | D:2      | Noticed Natasha
  1699 | D:2      | Killed Natasha
  1699 | D:2      | Reached XP level 5. HP: 41/41 MP: 5/5
  2123 | D:2      | Noticed Natasha
  2128 | D:2      | Killed Natasha
  2147 | D:2      | Noticed Natasha
  2151 | D:2      | Killed Natasha
  2215 | D:3      | Found a faded altar of an unknown god.
  2244 | D:3      | Reached XP level 6. HP: 42/48 MP: 6/6
  2498 | D:3      | Found a burning altar of Makhleb.
  2514 | D:3      | Became a worshipper of Makhleb the Destroyer
  2553 | D:3      | Found a radiant altar of Vehumet.
  2631 | D:3      | Found a shattered altar of Ashenzari.
  2875 | D:4      | Noticed Ijyb
  2881 | D:4      | Reached skill level 1 in Invocations
  2886 | D:4      | Paralysed by Ijyb for 7 turns
  2893 | D:4      | Slain by an ogre

Vault maps used:
D:1:      dpeg_arrival_caged_fury, supply_closet_lemuel, st_stairs_11
D:2:      minmay_hedge_maze, st_stairs_9, uniq_natasha
D:3:      makhleb_heckhound_becter, marbit_many_paths,
          chequers_ecumenical_altar_simple, ashenzari_altar_1
D:4:      lemuel_crystal_altar, first_ration, skrybe_limestone_x, uniq_ijyb

Skill      XL: |  1  2  3  4  5  6 |
---------------+-------------------+-----
Armour         | 1 2 3 |  3.3
Dodging        | 3 4 |  4.4
Fighting       | 3 4 |  4.3
Invocations    | 1 |  1.0
Long Blades    | |  2.6
Throwing       | |  1.7

Action                   |  1- 3 |  4- 6 || total
-------------------------+-------+-------++-------
Melee: Spear             |   122 |   290 ||   412
  Use: Potion            |       |     1 ||     1
 Stab: Sleeping          |     1 |       ||     1
  Eat: Chunk             |       |     7 ||     7
Armor: Ring mail         |    36 |    50 ||    86
       Leather armour    |     2 |       ||     2
       Chain mail        |       |   124 ||   124
Dodge: Dodged            |    58 |   146 ||   204

Table legend:
 A = Spawn XP
 B = Non-spawn XP
 C = Spawn XP percentage of total XP
 D = Spawn monster count
 E = Non-spawn monster count
 F = Spawn count percentage of total count
 G = Total turns spent on level
                    A         B        C        D         E        F      G
               +---------+---------+-------+---------+---------+-------+---------
         Total |       0 |     608 |   0.0 |       0 |     118 |   0.0 |  2893
               +---------+---------+-------+---------+---------+-------+---------
           D:1 |       0 |     126 |   0.0 |       0 |      47 |   0.0 |   982
           D:2 |       0 |     220 |   0.0 |       0 |      39 |   0.0 |  1197
           D:3 |       0 |     190 |   0.0 |       0 |      29 |   0.0 |   656
           D:4 |       0 |      72 |   0.0 |       0 |       3 |   0.0 |    58
               +---------+---------+-------+---------+---------+-------+---------
